 Dungeon Crawl Stone Soup version 0.21-a0-621-gc60411f (webtiles) character file.

55 slep the Slasher (level 3, -1/18 HPs)
             Began as a Vine Stalker Gladiator on Dec 24, 2017.
             Slain by a leopard gecko (2 damage)
             ... on level 3 of the Dungeon.
             The game lasted 00:03:02 (947 turns).

slep the Slasher (Vine Stalker Gladiator)            Turns: 947, Time: 00:03:02

Health: -1/18      AC:  4    Str: 16    XL:     3   Next: 93%
Magic:  0/4        EV: 13    Int:  8    God:
Gold:   62         SH:  0    Dex: 16    Spells: 2/2 levels left

rFire    . . .     SeeInvis .   a - +0 long sword
rCold    . . .     Gourm    .   (no shield)
rNeg     . . .     Faith    .   b - +0 leather armour
rPois    .         Spirit   +   c - +0 helmet
rElec    .         Reflect  .   (no cloak)
rCorr    .         Harm     .   (no gloves)
MR       .....                  (no boots)
Stlth    ..........             (no amulet)
HPRegen  0.06/turn              m - ring of loudness (curse)
MPRegen  0.09/turn              (no ring)

@: no status effects
A: fangs 2, magic shield, antimagic bite, no potion heal 3, rot immunity
a: no special abilities


You were on level 3 of the Dungeon.
You were not hungry.

You visited 1 branch of the dungeon, and saw 3 of its levels.

You collected 62 gold pieces.

Inventory:

Hand Weapons
 a - a +0 long sword (weapon)
Missiles
 d - 3 throwing nets (quivered)
Armour
 b - a +0 leather armour (worn)
 c - a +0 helmet (worn)
Jewellery
 m - a cursed ring of loudness (left hand)
Scrolls
 e - 5 scrolls of identify {unknown}
 g - a scroll of blinking {unknown}
 l - a scroll of immolation {unknown}
 n - a scroll of random uselessness {unknown}
 o - a scroll of teleportation {unknown}
Potions
 h - a potion of haste {unknown}
 i - a potion of agility {unknown}
 j - a potion of heal wounds {unknown}
 k - a potion of degeneration {unknown}
 p - a potion of brilliance {unknown}
Comestibles
 f - 2 rations


   Skills:
 + Level 2.3 Fighting
 + Level 3.3 Long Blades
 + Level 2.0 Throwing
 + Level 0.7 Armour
 + Level 2.7 Dodging
 + Level 0.1 Stealth


You had 2 spell levels left.
You didn't know any spells.

Dungeon Overview and Level Annotations

Branches:
Dungeon (3/15)

Altars:


Innate Abilities, Weirdness & Mutations

You have extremely sharp teeth.
When hurt, damage is shared between your health and your magic reserves.
Your bite disrupts and absorbs the magic of your enemies.
Potions cannot restore your health.
You are immune to rotting.


Message History

The worm bites you.
* * * LOW HITPOINT WARNING * * *
You hit the worm. You bite the worm. You drain its power.
You feel invigorated.
The worm is moderately wounded.
The worm bites you.
* * * LOW HITPOINT WARNING * * *
You hit the worm. You bite the worm. You drain its power.
You feel invigorated.
The worm is severely wounded.
The goblin hits you.
* * * LOW HITPOINT WARNING * * *
The worm misses you.
You riposte.
You slash the worm!
You kill the worm!
The goblin closely misses you.
You riposte.
You closely miss the goblin. Your bite misses the goblin.
You barely miss the goblin. Your bite misses the goblin.
The goblin closely misses you.
You hit the goblin.
You kill the goblin!
The leopard gecko misses you. The leopard gecko bites you.
You die...

#....#. #.....
###....#
#......#
##...####
#.....?.#
#....##)#+#+###
#†.<..#.......#
#.#.#.#@l......
#.###.#.......#
#.. .#.......#
#.. .#.......#
#... .#.......#
#... #.......#
##### #......#.
........


You could see a leopard gecko.

Vanquished Creatures
  An adder (D:2)
  An ooze (D:1)
  A worm (D:3)
  3 dart slugs
  4 goblins
  6 hobgoblins
  4 bats
  2 frilled lizards (D:1)
  6 kobolds
  8 rats
36 creatures vanquished.

Notes
Turn   | Place    | Note
-------+----------+-------------------------------------------
     0 | D:1      | slep the Vine Stalker Gladiator began the quest for the Orb.
     0 | D:1      | Reached XP level 1. HP: 11/11 MP: 2/2
    62 | D:1      | Reached XP level 2. HP: 8/15 MP: 3/3
   322 | D:1      | Reached skill level 3 in Long Blades
   322 | D:1      | Reached XP level 3. HP: 18/18 MP: 4/4
   947 | D:3      | Slain by a leopard gecko

Vault maps used:
D:1:      lemuel_arrival_room
D:3:      lemuel_doored_altar, st_stairs_7, uniq_robin

Skill      XL: |  1  2 |
---------------+-------+-----
Throwing       | 2 |  2.0
Fighting       | 2 |  2.3
Long Blades    | 3 |  3.3
Armour         | |  0.7
Dodging        | |  2.7
Stealth        | |  0.1

Action                   || total
-------------------------++-------
Melee: Long sword        ||    66
       Bite              ||    19
 Stab: Sleeping          ||     2
Armor: Leather armour    ||    20
Dodge: Dodged            ||    52
       Rpst.: Long sword ||    14

Table legend:
 A = Spawn XP
 B = Non-spawn XP
 C = Spawn XP percentage of total XP
 D = Spawn monster count
 E = Non-spawn monster count
 F = Spawn count percentage of total count
 G = Total turns spent on level
                    A         B        C        D         E        F      G
               +---------+---------+-------+---------+---------+-------+---------
         Total |       0 |      79 |   0.0 |       0 |      36 |   0.0 |   947
               +---------+---------+-------+---------+---------+-------+---------
           D:1 |       0 |      39 |   0.0 |       0 |      22 |   0.0 |   700
           D:2 |       0 |      30 |   0.0 |       0 |      10 |   0.0 |   228
           D:3 |       0 |      10 |   0.0 |       0 |       4 |   0.0 |    19
               +---------+---------+-------+---------+---------+-------+---------
